 Dungeon Crawl Stone Soup version 0.27.1-3-gb3d3a73c9e (webtiles) character file.

Game seed: 692258972494605936

84 Atelerd the Digger (level 4, 0/27 HPs)
             Began as an Octopode Earth Elementalist on Oct 30, 2021.
             Slain by an orc (2 damage)
             ... on level 3 of the Dungeon.
             The game lasted 00:02:03 (2489 turns).

Atelerd the Digger (Octopode Earth Elementalist)    Turns: 2489, Time: 00:02:04

Health: 0/27       AC:  1    Str:  7    XL:     4   Next: 45%
Magic:  3/7        EV: 13    Int: 18    God:
Gold:   197        SH:  0    Dex: 12    Spells: 7/8 levels left

rFire    . . .     SeeInvis +   c - +2 dagger (speed)
rCold    . . .     Faith    .   (no shield)
rNeg     . . .     Spirit   .   (helmet restricted)
rPois    .         Reflect  .   (no amulet)
rElec    .         Harm     .   g - ring of see invisible
rCorr    .         Rampage  .   (no ring)
Will     .....                  (no ring)
Stlth    +++.......             (no ring)
HPRegen  0.09/turn              (no ring)
MPRegen  0.10/turn              (no ring)
                                (no ring)
                                (no ring)

@: no status effects
A: almost no armour, amphibious, 8 rings, camouflage 1, gelatinous body 1,
(nimble swimmer 1), tentacles
a: no special abilities


You were on level 3 of the Dungeon.
You visited 1 branch of the dungeon, and saw 3 of its levels.

You collected 197 gold pieces.

Inventory:

Hand Weapons
 c - a +2 dagger of speed (weapon)
Missiles
 b - 52 stones
Jewellery
 g - a ring of see invisible (left tentacle)
Scrolls
 f - a scroll of summoning {unknown}
 h - a scroll of fog {unknown}
 k - a scroll of teleportation {unknown}
 l - a scroll of identify {unknown}
Potions
 a - a potion of haste {unknown}
 d - a potion of lignification {unknown}
 e - a potion of brilliance {unknown}
 i - 2 potions of degeneration {unknown}
 j - a potion of magic {unknown}


   Skills:
 - Level 2.0 Dodging
 - Level 2.6 Stealth
 + Level 2.5 Spellcasting
 * Level 2.6 Transmutations
 * Level 4.0 Earth Magic


You had 7 spell levels left.
You knew the following spells:

 Your Spells              Type           Power      Damage    Failure   Level
a - Sandblast             Erth           32%        2d9       3%          1

Your spell library contained the following spells:

 Spells                   Type           Power      Damage    Failure   Level
 Passwall                 Tmut/Erth      11%        N/A       7%          2
 Stone Arrow              Conj/Erth      18%        3d8       22%         3
 Petrify                  Tmut/Erth      14%        N/A       41%         4


Dungeon Overview and Level Annotations

Branches:
Dungeon (3/15)

Altars:


Innate Abilities, Weirdness & Mutations

You cannot wear most types of armour.
You are amphibious.
You can wear up to eight rings at the same time.
Your skin changes colour to match your surroundings (Stealth+).
Your rubbery body absorbs attacks. (AC +1, EV +1)
((You are camouflaged near water. (Stealth+)))
You have tentacles for arms and can constrict up to eight enemies at once.


Message History

You are too injured to fight recklessly!
You are too injured to fight recklessly!
You are too injured to fight recklessly!
You are too injured to fight recklessly!
The orc closely misses you.
You are too injured to fight recklessly!
You are too injured to fight recklessly!
You are too injured to fight recklessly!
Casting: Sandblast (safe; 3% risk of failure)
Confirm with . or Enter, or press ? or * to list all spells.
Aiming: Sandblast (safe; 3% risk of failure)
Press: ? - help, Shift-Dir - straight line, f - orc
Aim: an orc, wielding a +0 trident and wearing a +0 ring mail (82% to hit)
The blast of sand hits the orc but does no damage.
Casting: Sandblast (safe; 3% risk of failure)
Confirm with . or Enter, or press ? or * to list all spells.
Aiming: Sandblast (safe; 3% risk of failure)
Press: ? - help, Shift-Dir - straight line, f/p - orc
Aim: an orc, wielding a +0 trident and wearing a +0 ring mail (82% to hit)
The blast of sand hits the orc.
The orc is lightly wounded.
The orc hits you from afar with a +0 trident!
* * * LOW HITPOINT WARNING * * *
Casting: Sandblast (safe; 3% risk of failure)
Confirm with . or Enter, or press ? or * to list all spells.
Aiming: Sandblast (safe; 3% risk of failure)
Press: ? - help, Shift-Dir - straight line, f/p - orc
Aim: an orc, wielding a +0 trident and wearing a +0 ring mail (lightly wounded, 82% to hit)
The blast of sand misses the orc.
The blast of sand hits the orc!
You kill the orc!
The orc barely misses you.
Casting: Sandblast (safe; 3% risk of failure)
Confirm with . or Enter, or press ? or * to list all spells.
Aiming: Sandblast (safe; 3% risk of failure)
Press: ? - help, Shift-Dir - straight line, f/p - orc
Aim: an orc, wielding a +0 trident and wearing a +0 ring mail (lightly wounded, 82% to hit)
The blast of sand hits the orc.
The orc is severely wounded.
The orc hits you from afar with a +0 trident.
You die...

# .# #### .. #..
####. #.#
......#####.#####.#.#
#..@.o<...<[....#
#######.#####.### #.#
#.. ####


You could see an orc.

Vanquished Creatures
  An orc wizard (D:3)
  2 adders (D:2)
  2 worms (D:2)
  2 dart slugs (D:1)
  2 orcs (D:3)
  3 endoplasms
  2 giant cockroaches (D:2)
  3 goblins
  2 kobolds
  A quokka (D:1)
  2 ball pythons (D:1)
  6 bats
  3 frilled lizards (D:2)
  2 rats (D:1)
33 creatures vanquished.

Vanquished Creatures (others)
  2 fungi (D:1)
  3 toadstools (D:1)
5 creatures vanquished.

Grand Total: 38 creatures vanquished

Notes
Turn   | Place    | Note
-------+----------+-------------------------------------------
     0 | D:1      | Atelerd the Octopode Earth Elementalist began the quest for
                  | the Orb.
     0 | D:1      | Reached XP level 1. HP: 11/11 MP: 3/3
   225 | D:1      | Reached XP level 2. HP: 4/17 MP: 1/5
  1451 | D:2      | Reached XP level 3. HP: 3/21 MP: 0/6
  2273 | D:3      | Reached XP level 4. HP: 27/27 MP: 7/7
  2281 | D:3      | Reached skill level 4 in Earth Magic
  2489 | D:3      | Slain by an orc

Illustrated notes

Levels and vault maps discovered:
D:1:      heliophobic_arrival_glass_houses, layout_basic,
          chequers_serial_rivers_marsh, minmay_gold_behind_fungi, st_stairs_9
D:2:      layout_rooms
D:3:      layout_loops_cross, hellmonk_ecumenical_altar_blasted,
          minmay_misc_feat_secret_circle, uniq_grinder

Skill      XL: |  1  2  3  4 |
---------------+-------------+-----
Transmutations | 2 |  2.6
Earth Magic    | 4 |  4.0
Dodging        | |  2.0
Stealth        | |  2.6
Spellcasting   | |  2.5

Action                   |  1- 3 |  4- 6 || total
-------------------------+-------+-------++-------
Melee: Unarmed           |    16 |       ||    16
       Constrict         |    15 |       ||    15
       Tentacles         |    10 |       ||    10
       Dagger            |    30 |       ||    30
 Cast: Sandblast         |    27 |     9 ||    36
 Stab: Sleeping          |     2 |       ||     2
Armor: Skin              |     7 |       ||     7
Dodge: Dodged            |    36 |     7 ||    43
